 Dungeon Crawl Stone Soup version 0.21.1-1-g345015f (webtiles) character file.

439 Zhenya24pyc the Cudgeler (level 7, 0/44 HPs)
             Began as a Gargoyle Fighter on Feb 6, 2018.
             Killed by divine providence
             ... invoked by an orc priest
              (12 damage)
             ... on level 4 of the Dungeon.
             The game lasted 00:04:39 (3422 turns).

Zhenya24pyc the Cudgeler (Gargoyle Fighter)         Turns: 3422, Time: 00:04:40

Health: 0/44       AC: 15    Str: 21    XL:     7   Next: 1%
Magic:  7/7        EV:  5    Int:  9    God:
Gold:   216        SH:  9    Dex:  9    Spells: 6/6 levels left

rFire    + . .     SeeInvis .   a - +0 flail
rCold    . . .     Gourm    .   c - +0 shield
rNeg     + . .     Faith    .   k - +0 chain mail {rF+}
rPois    ∞         Spirit   .   j - +0 helmet
rElec    +         Reflect  .   (no cloak)
rCorr    .         Harm     .   (no gloves)
MR       .....                  (no boots)
Stlth    ..........             (no amulet)
HPRegen  0.14/turn              (no ring)
MPRegen  0.10/turn              (no ring)

@: no status effects
A: negative energy resistance 1, electricity resistance, unbreathing,
petrification resistance, rot immunity, AC +4
a: no special abilities


You were on level 4 of the Dungeon.
You were hungry.

You visited 1 branch of the dungeon, and saw 5 of its levels.

You collected 216 gold pieces.

Inventory:

Hand Weapons
 a - a +0 flail (weapon)
Armour
 c - a +0 shield (worn)
 j - a +0 helmet (worn)
 k - a +0 chain mail of fire resistance (worn)
Jewellery
 u - a +4 ring of intelligence {unknown}
 w - a +3 ring of dexterity {unknown}
Wands
 r - a wand of flame (23)
Scrolls
 e - 6 scrolls of identify {unknown}
 h - 3 scrolls of immolation {unknown}
 i - a scroll of enchant weapon {unknown}
 m - a scroll of blinking {unknown}
 n - a scroll of enchant armour {unknown}
 p - a scroll of remove curse {unknown}
 t - a scroll of amnesia {unknown}
 v - a scroll of magic mapping {unknown}
Potions
 b - a potion of berserk rage {unknown}
 d - a potion of might
 g - a potion of lignification {unknown}
 l - 3 potions of ambrosia {unknown}
 o - a potion of brilliance {unknown}
 q - a potion of curing {unknown}
 s - 2 potions of mutation {unknown}
Comestibles
 f - 11 rations


   Skills:
 + Level 5.4 Fighting
 * Level 6.0 Maces & Flails
 - Level 3.2 Armour
 + Level 0.6 Dodging
 - Level 3.2 Shields


You had 6 spell levels left.
You didn't know any spells.

Dungeon Overview and Level Annotations

Branches:
Dungeon (5/15)
 Temple: D:4-7

Altars:
Ashenzari
Elyvilon
Gozag


Innate Abilities, Weirdness & Mutations

You are resistant to torment.
Your stone body is resilient. (AC +4)
You are immune to poison.
You resist negative energy. (rN+)
You are resistant to electric shocks. (rElec)
You can survive without breathing.
You are immune to petrification.
You are immune to rotting.


Message History

You hit the orc priest but do no damage.
The orc priest hits you but does no damage.
You closely miss the orc priest. You block the orc priest's attack.
You thump the orc priest!
The orc priest is heavily wounded.
You block the orc priest's attack.
The orc priest looks braver for a moment.
You hit the orc priest.
The orc priest is severely wounded.
The orc priest invokes the aid of Beogh against you.
Beogh smites you!
* * * LOW HITPOINT WARNING * * *
Your shield and chain mail prevent you from hitting the orc priest.
The orc priest is severely wounded.
The orc priest hits you but does no damage.
You closely miss the orc priest.
The orc priest is severely wounded.
The orc priest calls down the wrath of Beogh upon you.
Beogh smites you!
You die...

#≈≈≈# #.##.#.###......#......
##≈## #.##...# #............#
.#≈# #.###..# #............#
.##########.# #..#
#............# .# #.......#
#..# #............# .#
#.......# ##.# #.....#......#
## #.......# #.#
#.....#......# .####.......#
#o####.#####.#####
...##.......# #@)....# #.#
##..#.......# ######## #.#
##..........# #.#
.#.##.......###############.#
.#.##.......................#
...##......##################
.#.##<.....# .#.##......#
##.##......#


You could see an orc priest.

Vanquished Creatures
  A big kobold (D:4)
  A bullfrog (D:2)
  A crimson imp (D:5)
  An orc priest (D:4)
  An orc wizard (D:4)
  An iguana (D:4)
  A worker ant (D:4)
  8 adders
  A gnoll (D:1)
  A worm (D:3)
  4 dart slugs
  2 leopard geckos
  An orc (D:4)
  8 giant cockroaches
  6 goblins
  8 hobgoblins
  16 kobolds
  10 bats
  3 frilled lizards
  9 rats
84 creatures vanquished.

Notes
Turn   | Place    | Note
-------+----------+-------------------------------------------
     0 | D:1      | Zhenya24pyc the Gargoyle Fighter began the quest for the Orb.
     0 | D:1      | Reached XP level 1. HP: 14/14 MP: 1/1
   146 | D:1      | Reached XP level 2. HP: 19/19 MP: 2/2
   495 | D:1      | Reached skill level 3 in Maces & Flails
   495 | D:1      | Reached XP level 3. HP: 24/24 MP: 3/3
   975 | D:2      | Found an opulent altar of Gozag.
  1026 | D:2      | Reached XP level 4. HP: 27/29 MP: 4/4
  1189 | D:2      | Noticed a bullfrog
  1199 | D:2      | Killed a bullfrog
  1199 | D:2      | Reached skill level 4 in Maces & Flails
  1199 | D:2      | Reached XP level 5. HP: 33/34 MP: 5/5
  1854 | D:3      | Found a white marble altar of Elyvilon.
  2235 | D:4      | Found a shattered altar of Ashenzari.
  2363 | D:4      | Reached skill level 5 in Maces & Flails
  2363 | D:4      | Reached XP level 6. HP: 33/40 MP: 6/6
  2703 | D:4      | Reached skill level 5 in Fighting
  3150 | D:5      | Entered Level 5 of the Dungeon
  3412 | D:4      | Reached XP level 7. HP: 25/44 MP: 7/7
  3414 | D:4      | Reached skill level 6 in Maces & Flails
  3422 | D:4      | Killed from afar by an orc priest

Skill      XL: |  1  2  3  4  5  6  7 |
---------------+----------------------+-----
Maces & Flails | 3 4 5 6 |  6.0
Fighting       | 4 5 |  5.4
Armour         | |  3.2
Dodging        | |  0.6
Shields        | |  3.2

Action                   |  1- 3 |  4- 6 |  7- 9 || total
-------------------------+-------+-------+-------++-------
Melee: Flail             |    90 |   323 |    10 ||   423
  Eat: Chunk             |       |     8 |       ||     8
Armor: Scale mail        |    36 |       |       ||    36
       Chain mail        |    19 |   228 |     3 ||   250
Dodge: Dodged            |    29 |    91 |     1 ||   121
Block: Shield            |    45 |   183 |     3 ||   231
